 Dungeon Crawl Stone Soup version 0.25-b1-46-gb8a1ec05df (webtiles) character file.

Game seed: 4937160239870242534

90622 HungrySpirit the Thaumaturge (level 16, -2/125 HPs)
             Began as a Gnoll Wanderer on June 11, 2020.
             Was a High Priest of Vehumet.
             Slain by a nagaraja
             ... wielding a +0 club
              (14 damage)
             ... on level 4 of the Snake Pit.
             The game lasted 01:38:09 (40181 turns).

HungrySpirit the Thaumaturge (Gnoll Wanderer)      Turns: 40181, Time: 01:38:10

Health: -2/125     AC: 15    Str: 15    XL:     16   Next: 1%
Magic:  26/32      EV: 20    Int: 20    God:    Vehumet [*****.]
Gold:   364        SH:  0    Dex: 16    Spells: 18/39 levels left

rFire    + . .     SeeInvis .   Z - +8 lajatang of Pyromania {freeze, +Inv rF+ rN+}
rCold    . . .     Gourm    .   (shield currently unavailable)
rNeg     + . .     Faith    .   B - +1 robe "Agraewou" {rPois Stlth+}
rPois    +         Spirit   .   k - +0 hat {MR+}
rElec    .         Reflect  .   N - +1 cloak
rCorr    .         Harm     .   V - +2 pair of gloves
MR       ++...                  t - +0 pair of boots
Stlth    ++++++....             S - amulet of the acrobat
HPRegen  0.30/turn              p - ring of wizardry
MPRegen  0.23/turn              R - +4 ring of protection

@: lethally poisoned (-2 -> -3), very slightly contaminated
A: distributed training, fangs 1, strong nose
a: Renounce Religion, Evoke Invisibility


You were on level 4 of the Snake Pit.
You worshipped Vehumet.
Vehumet was extremely pleased with you.
You were near starving.

You visited 5 branches of the dungeon, and saw 27 of its levels.

You collected 2288 gold pieces.
You spent 1911 gold pieces at shops.
You donated 13 gold pieces to Zin.

Inventory:

Hand Weapons
 Z - the +8 lajatang of Pyromania (weapon) {freeze, +Inv rF+ rN+}
   (You bought it in a shop on level 2 of the Orcish Mines)

   It has been specially enchanted to freeze those struck by it, causing extra
   injury to most foes and up to half again as much damage against particularly
   susceptible opponents.
   It can also slow down cold-blooded creatures.
   It protects you from fire.
   It protects you from negative energy.
   It lets you turn invisible.
Missiles
 e - 5 curare-tipped darts (quivered)
Armour
 k - a +0 hat of magic resistance (worn)
 t - a +0 pair of boots (worn)
 A - a +2 helmet
 B - the +1 robe "Agraewou" (worn) {rPois Stlth+}
   (You found it on level 10 of the Dungeon)

   It protects you from poison.
   It makes you more stealthy.
 E - +0 steam dragon scales
 N - a +1 cloak (worn)
 V - a +2 pair of gloves (worn)
Jewellery
 l - an uncursed ring of ice
 p - a ring of wizardry (left hand)
 D - an uncursed ring of fire
 L - an uncursed ring of protection from cold
 R - a +4 ring of protection (right hand)
 S - an amulet of the acrobat (around neck)
Wands
 i - a wand of enslavement (7)
 n - a wand of polymorph (19)
 o - a wand of digging (5)
 r - a wand of clouds (17)
 y - a wand of flame (61)
 H - a wand of iceblast (13)
 I - a wand of paralysis (14)
 T - a wand of random effects (11)
Scrolls
 d - 14 scrolls of remove curse
 h - a scroll of silence
 m - a scroll of blinking
 s - 3 scrolls of immolation
 x - 3 scrolls of fog
 z - 6 scrolls of enchant armour
 F - 5 scrolls of identify
 G - a scroll of magic mapping
 O - 8 scrolls of teleportation
 U - 4 scrolls of enchant weapon
 W - 2 scrolls of vulnerability
Potions
 a - 2 potions of magic
 b - a potion of lignification
 c - 2 potions of berserk rage
 g - 6 potions of heal wounds
 j - 13 potions of curing
 q - 6 potions of flight
 u - 3 potions of mutation
 v - 4 potions of resistance
 w - 3 potions of cancellation
 J - 2 potions of might
 K - 3 potions of stabbing
 M - 3 potions of brilliance
 Y - a potion of haste
Miscellaneous
 P - a tin of tremorstones (3/3)
Comestibles
 f - 28 rations


   Skills:
 + Level 11.2 Fighting
 + Level 10.3 Short Blades
 + Level 10.3 Long Blades
 + Level 10.3 Axes
 + Level 10.3 Maces & Flails
 + Level 10.3 Polearms
 + Level 10.3 Staves
 + Level 10.3 Slings
 + Level 10.6 Bows
 + Level 10.3 Crossbows
 + Level 10.6 Throwing
 + Level 10.3 Armour
 + Level 10.3 Dodging
 + Level 10.3 Stealth
 + Level 10.3 Shields
 + Level 10.3 Unarmed Combat
 + Level 12.2 Spellcasting
 + Level 8.7 Conjurations
 + Level 8.7 Hexes
 + Level 8.7 Charms
 + Level 9.5 Summonings
 + Level 8.7 Necromancy
 + Level 8.7 Translocations
 + Level 8.7 Transmutations
 + Level 8.7 Fire Magic
 + Level 8.7 Ice Magic
 + Level 8.7 Air Magic
 + Level 8.7 Earth Magic
 + Level 8.7 Poison Magic
   Level 11.1 Invocations
 + Level 10.6 Evocations


You had 18 spell levels left.
You knew the following spells:

 Your Spells              Type           Power        Failure   Level  Hunger
a - Freezing Cloud        Conj/Ice/Air   #####.....   3%          6    ######.
b - Mephitic Cloud        Conj/Pois/Air  #####...     1%          3    None
e - Blink                 Tloc           N/A          1%          2    None
g - Fireball              Conj/Fire      #####.....   1%          5    ####...
h - Bolt of Magma         Conj/Fire/Erth #####.....   1%          5    ####...

Your spell library contained the following spells:

 Spells                   Type           Power        Failure   Level  Hunger
 Animate Skeleton         Necr           N/A          1%          1    None
 Beastly Appendage        Tmut           #####.       1%          1    None
 Foxfire                  Conj/Fire      ####         1%          1    None
 Magic Dart               Conj           ####         1%          1    None
 Pain                     Necr           ####         1%          1    None
 Sandblast                Erth           #####.       1%          1    None
 Sting                    Tmut/Pois      ####         1%          1    None
 Call Imp                 Summ           ######..     1%          2    None
 Passwall                 Tmut/Erth      #####...     1%          2    None
 Poisonous Vapours        Pois/Air       #####.       1%          2    None
 Slow                     Hex            #####...     1%          2    None
 Sticks to Snakes         Tmut           #####...     1%          2    None
 Confusing Touch          Hex            #####...     1%          3    None
 Conjure Flame            Conj/Fire      #####...     1%          3    None
 Gell's Gravitas          Tloc           #####.....   1%          3    None
 Ignite Poison            Fire/Tmut/Pois #####...     1%          3    None
 Inner Flame              Hex/Fire       #####...     1%          3    None
 Recall                   Summ/Tloc      N/A          1%          3    None
 Spider Form              Tmut/Pois      #####.....   1%          3    None
 Stone Arrow              Conj/Erth      #####.       1%          3    None
 Vampiric Draining        Necr           #####.....   1%          3    None
 Animate Dead             Necr           N/A          1%          4    #......
 Ice Form                 Ice/Tmut       #####...     1%          4    #......
 Olgreb's Toxic Radiance  Pois           #####...     1%          4    #......
 Petrify                  Tmut/Erth      #####...     1%          4    #......
 Sticky Flame             Conj/Fire      #####...     1%          4    #......
 Agony                    Necr           #####...     1%          5    ####...
 Blade Hands              Tmut           #####.....   1%          5    ####...
 Borgnjor's Vile Clutch   Necr/Erth      #####.....   1%          5    ####...
 Lee's Rapid Deconstruct  Erth           #####.....   1%          5    ####...
 Metabolic Englaciation   Hex/Ice        #####.....   1%          5    ####...
 Yara's Violent Unravell  Hex/Tmut       #####.....   1%          5    ####...
 Death Channel            Necr           #####.....   10%         6    ######.
 Simulacrum               Ice/Necr       #####.....   10%         6    ######.


Dungeon Overview and Level Annotations

Branches:
Dungeon (14/15)            Temple (1/1) D:4            Lair (6/6) D:11
 Shoals (0/4) Lair:4        Snake (4/4) Lair:4        Slime (0/5) Lair:6
    Orc (2/2) D:10            Elf (0/3) Orc:2
 Vaults: D:13-14

Altars:
Cheibriados
Gozag
Okawaru
Ru
Sif Muna
Vehumet
Wu Jian
Yredelemnul
Zin
The Shining One
Beogh
Jiyva

Shops:
D:8 [   D:13 :   Orc:2 ([(!   Snake:2 :?*[

Annotations:
D:5 1 runed translucent door, Nebesus's ghost, amateur GrFi
D:12 Snorg
D:13 1 runed translucent door, Chiseanne's ghost, journeyman DsWn


Innate Abilities, Weirdness & Mutations

Your experience applies equally to all skills.
You have very sharp teeth.
Your uncanny sense of smell can sniff out nearby items.


Message History

The naga hits you with a +0 war axe!
* * * LOW HITPOINT WARNING * * *
The naga closely misses you. The guardian serpent hits you.
* * * LOW HITPOINT WARNING * * *
The naga warrior barely misses you.
Unknown command.
Casting: Fireball (mildly dangerous; 1% risk of failure)
Confirm with . or Enter, or press ? or * to list all spells.
Okay, then.
Casting: Fireball (mildly dangerous; 1% risk of failure)
Confirm with . or Enter, or press ? or * to list all spells.
You escape the nagaraja's grasp.
You blink.
A naga comes into view. It is wielding a +0 short sword.
The guardian serpent hits you!
* * * LOW HITPOINT WARNING * * *
The black mamba misses you.
The guardian serpent casts a spell.
The guardian serpent blinks!
The nagaraja blinks!
The guardian serpent blinks!
The naga blinks!
The nagaraja hits you with a +0 club!
You die...

.. ... #.#.
####..§#
###...N...
###.........
##..NSS...... .
#...N@SN#+++#....
#..§NNS.§§.......
#..N...§N.§......
#.......N..N.....
##...............
#...............
##..............
###...........#
####.....####


You could see a naga warrior, 2 nagarajas, 2 naga sharpshooters, 3 guardian
serpents, a black mamba and 5 nagas.

Vanquished Creatures
  2 nagarajas (Snake:2)
  An orc warlord (Orc:2)
  Nessos (Lair:5)
  6 naga warriors
  Erolcha (D:10)
  3 hydras
  A two-headed ogre (Orc:1)
  3 death yaks (Lair:6)
  4 anacondas
  5 shock serpents
  2 naga sharpshooters
  A salamander mystic (Snake:3)
  2 naga ritualists
  Pikel (D:9)
  3 orc sorcerers
  A lindwurm (Lair:6)
  A cyclops (D:11)
  4 mana vipers
  2 orc knights
  An ugly thing (D:11)
  An oklob plant (Lair:5)
  6 salamanders
  2 manticores
  2 elephants (Lair:6)
  3 guardian serpents
  5 naga magi
  18 black mambas
  Psyche (D:8)
  A merfolk siren (Lair:4)
  Maurice (D:9)
  A torpor snail (Lair:6)
  14 spiny frogs
  6 rime drakes
  Maggie (D:7)
  10 komodo dragons
  A freezing wraith (D:13)
  12 polar bears
  7 trolls
  A hornet (D:13)
  2 raiju (Lair:6)
  6 dream sheep
  23 blink frogs
  6 hippogriffs
  A spriggan (D:7)
  A water elemental (D:11)
  50 yaks
  7 basilisks
  3 fire bats (Orc:2)
  A hungry ghost (D:13)
  Grum (D:9)
  A steam dragon (Lair:4)
  9 wargs
  18 nagas
  13 hell hounds (Lair:6)
  9 water moccasins
  32 orc warriors
  11 porcupines
  A hornet zombie (D:9)
  2 sky beasts
  A slave (D:9)
  An eye of draining (D:10)
  4 ice beasts
  12 black bears
  A phantom (D:8)
  32 wolves
  15 crocodiles
  7 ogres
  5 centaurs
  2 big kobolds (D:9)
  14 bullfrogs
  A water moccasin skeleton (D:11)
  5 jellies
  4 scorpions
  16 wights
  12 killer bees
  6 electric eels
  3 howler monkeys
  4 crimson imps
  A bullfrog zombie (D:13)
  2 centaur zombies
  22 orc priests
  A bullfrog skeleton (D:5)
  2 centaur skeletons
  9 hounds
  30 orc wizards
  Jessica (D:2)
  Natasha (thrice) (D:2)
  6 iguanas
  Ijyb (D:5)
  8 worker ants
  A hound zombie (D:6)
  A hound skeleton (D:11)
  A worker ant zombie (D:6)
  Robin (D:3)
  A howler monkey skeleton (D:7)
  10 adders
  5 shadow imps
  A white imp (D:6)
  4 adder skeletons
  A dart slug (D:1)
  6 leopard geckos
  87 orcs
  2 ball pythons
  8 giant cockroaches
  10 hobgoblins
  14 jackals
  7 quokkas
  5 bats
  2 frilled lizards (D:1)
  30 goblins
  4 hobgoblin zombies (D:6)
  15 kobolds
  2 kobold skeletons (D:6)
  A leopard gecko skeleton (D:5)
  3 orc skeletons (D:6)
  An orc zombie (D:6)
  7 rats
796 creatures vanquished.

Vanquished Creatures (collateral kills)
  2 phantoms
  An ooze (D:4)
3 creatures vanquished.

Vanquished Creatures (others)
  A vault guard (D:13)
  3 slaves (D:9)
  A killer bee (D:12)
  An electric eel (D:11)
  A human simulacrum (D:12)
  33 foxfires
  12 fungi
  22 plants
74 creatures vanquished.

Grand Total: 873 creatures vanquished

Notes
Turn   | Place    | Note
-------+----------+-------------------------------------------
     0 | D:1      | HungrySpirit the Gnoll Wanderer began the quest for the
                  | Orb.
     0 | D:1      | HungrySpirit set off with the following items: a +0 dagger,
                  | a potion of curing, a +0 robe, a ration; and the following
                  | spell memorised: Magic Dart; and the following spells
                  | available to memorise: Call Imp, Blink, Slow, Conjure
                  | Flame, Mephitic Cloud
     0 | D:1      | Reached XP level 1. HP: 20/20 MP: 8/8
   180 | D:1      | HP: 1/20 [hobgoblin (4)]
   186 | D:1      | Reached XP level 2. HP: 9/26 MP: 0/10
  1376 | D:2      | Noticed Jessica
  1377 | D:2      | Reached XP level 3. HP: 31/31 MP: 11/11
  1443 | D:2      | Killed Jessica
  1443 | D:2      | Reached skill level 1 in Invocations
  1463 | D:2      | Noticed Natasha
  1681 | D:2      | Reached skill level 1 in Short Blades
  1681 | D:2      | Reached skill level 1 in Long Blades
  1681 | D:2      | Reached skill level 1 in Axes
  1681 | D:2      | Reached skill level 1 in Maces & Flails
  1681 | D:2      | Reached skill level 1 in Polearms
  1681 | D:2      | Reached skill level 1 in Staves
  1681 | D:2      | Reached skill level 1 in Slings
  1681 | D:2      | Reached skill level 1 in Crossbows
  1681 | D:2      | Reached skill level 1 in Armour
  1681 | D:2      | Reached skill level 1 in Dodging
  1681 | D:2      | Reached skill level 1 in Stealth
  1681 | D:2      | Reached skill level 1 in Shields
  1681 | D:2      | Reached skill level 1 in Unarmed Combat
  1696 | D:2      | Reached XP level 4. HP: 38/38 MP: 13/13
  1812 | D:2      | Found a faded altar of an unknown god.
  1814 | D:2      | Became a worshipper of Zin the Law-Giver
  1814 | D:2      | Reached * piety under Zin
  1932 | D:2      | Found an opulent altar of Gozag.
  2035 | D:2      | Learned a level 3 spell: Mephitic Cloud
  2132 | D:2      | Killed Natasha
  2291 | D:2      | Reached skill level 1 in Conjurations
  2291 | D:2      | Reached skill level 1 in Hexes
  2291 | D:2      | Reached skill level 1 in Charms
  2291 | D:2      | Reached skill level 1 in Necromancy
  2291 | D:2      | Reached skill level 1 in Translocations
  2291 | D:2      | Reached skill level 1 in Transmutations
  2291 | D:2      | Reached skill level 1 in Fire Magic
  2291 | D:2      | Reached skill level 1 in Ice Magic
  2291 | D:2      | Reached skill level 1 in Air Magic
  2291 | D:2      | Reached skill level 1 in Earth Magic
  2291 | D:2      | Reached skill level 1 in Poison Magic
  2432 | D:2      | Noticed Natasha
  2445 | D:2      | Killed Natasha
  2445 | D:2      | Reached XP level 5. HP: 31/43 MP: 11/14
  2484 | D:2      | Noticed Natasha
  2496 | D:2      | Killed Natasha
  2959 | D:3      | Reached ** piety under Zin
  3463 | D:3      | Fell from the grace of Zin
  3536 | D:3      | Reached XP level 6. HP: 50/50 MP: 16/16
  4446 | D:3      | Noticed Robin
  4504 | D:3      | Killed Robin
  4896 | D:4      | Reached skill level 5 in Fighting
  5195 | D:4      | Found a staircase to the Ecumenical Temple.
  5201 | Temple   | Entered the Ecumenical Temple
  5246 | Temple   | Became a worshipper of Vehumet
  5499 | D:4      | Reached XP level 7. HP: 23/56 MP: 18/18
  5605 | D:4      | Learned a level 2 spell: Call Imp
  5992 | D:4      | Found a glowing silver altar of Zin.
  6340 | D:5      | Entered Level 5 of the Dungeon
  6452 | D:5      | Noticed Ijyb
  6469 | D:5      | Killed Ijyb
  6811 | D:5      | Found a runed translucent door.
  6811 | D:5      | Noticed Nebesus's ghost (amateur GrFi)
  6869 | D:5      | Found a shimmering blue altar of Sif Muna.
  6906 | D:5      | Reached XP level 8. HP: 26/63 MP: 19/19
  7390 | D:5      | Reached * piety under Vehumet
  7390 | D:5      | Offered knowledge of Foxfire by Vehumet.
  7490 | D:5      | Learned a level 1 spell: Foxfire
  8369 | D:6      | Reached skill level 8 in Spellcasting
  8927 | D:6      | Found a glowing golden altar of the Shining One.
  9132 | D:6      | Reached XP level 9. HP: 33/69 MP: 12/21
  9363 | D:6      | Reached skill level 5 in Summonings
  9397 | D:6      | Found a sacrificial altar of Ru.
 10154 | D:6      | Learned a level 2 spell: Blink
 10466 | D:7      | Reached skill level 5 in Bows
 10466 | D:7      | Reached skill level 5 in Throwing
 10466 | D:7      | Reached skill level 5 in Evocations
 10513 | D:7      | Reached ** piety under Vehumet
 10562 | D:7      | Noticed Maggie
 10605 | D:7      | Offered knowledge of Searing Ray by Vehumet.
 10622 | D:7      | Learned a level 2 spell: Searing Ray
 10658 | D:7      | Found a basalt altar of Yredelemnul.
 11111 | D:7      | Reached skill level 5 in Invocations
 11275 | D:7      | Killed Maggie
 11275 | D:7      | Reached XP level 10. HP: 77/77 MP: 16/22
 11578 | D:8      | Noticed Psyche
 11587 | D:8      | Killed Psyche
 11850 | D:8      | Reached skill level 5 in Short Blades
 11850 | D:8      | Reached skill level 5 in Long Blades
 11850 | D:8      | Reached skill level 5 in Axes
 11850 | D:8      | Reached skill level 5 in Maces & Flails
 11850 | D:8      | Reached skill level 5 in Polearms
 11850 | D:8      | Reached skill level 5 in Staves
 11850 | D:8      | Reached skill level 5 in Slings
 11850 | D:8      | Reached skill level 5 in Crossbows
 11850 | D:8      | Reached skill level 5 in Armour
 11850 | D:8      | Reached skill level 5 in Dodging
 11850 | D:8      | Reached skill level 5 in Stealth
 11850 | D:8      | Reached skill level 5 in Shields
 11850 | D:8      | Reached skill level 5 in Unarmed Combat
 11945 | D:8      | Found a basalt altar of Yredelemnul.
 11965 | D:8      | Found Raume's Antique Armour Shop.
 12590 | D:9      | Noticed Maurice
 12630 | D:9      | Killed Maurice
 12640 | D:9      | Reached skill level 9 in Spellcasting
 12778 | D:9      | Noticed Pikel
 12783 | D:9      | Offered knowledge of Frozen Ramparts by Vehumet.
 12794 | D:9      | Killed Pikel
 12829 | D:9      | Noticed Grum
 12842 | D:9      | Killed Grum
 12980 | D:9      | Reached *** piety under Vehumet
 13444 | D:9      | Reached XP level 11. HP: 75/84 MP: 18/24
 13583 | D:9      | Offered knowledge of Olgreb's Toxic Radiance by Vehumet.
 13692 | D:10     | Entered Level 10 of the Dungeon
 13918 | D:10     | Noticed Erolcha
 14212 | D:10     | Killed Erolcha
 14226 | D:10     | Reached skill level 5 in Conjurations
 14226 | D:10     | Reached skill level 5 in Hexes
 14226 | D:10     | Reached skill level 5 in Charms
 14226 | D:10     | Reached skill level 5 in Necromancy
 14226 | D:10     | Reached skill level 5 in Translocations
 14226 | D:10     | Reached skill level 5 in Transmutations
 14226 | D:10     | Reached skill level 5 in Fire Magic
 14226 | D:10     | Reached skill level 5 in Ice Magic
 14226 | D:10     | Reached skill level 5 in Air Magic
 14226 | D:10     | Reached skill level 5 in Earth Magic
 14226 | D:10     | Reached skill level 5 in Poison Magic
 14505 | D:10     | You fall into a shaft and drop 2 floors!
 14506 | D:12     | Noticed a cyan ugly thing
 14607 | D:10     | Got a heavily jewelled robe
 14618 | D:10     | Identified the +1 robe "Agraewou" {rPois Stlth+} (You found
                  | it on level 10 of the Dungeon)
 14757 | D:10     | Found a staircase to the Orcish Mines.
 14769 | D:11     | Noticed a manticore
 14806 | Orc:1    | Entered Level 1 of the Orcish Mines
 15035 | D:11     | Noticed a cyclops
 15148 | D:11     | Reached **** piety under Vehumet
 15299 | D:11     | Offered knowledge of Lee's Rapid Deconstruction by Vehumet.
 15342 | D:11     | Killed a cyclops
 15388 | D:11     | Killed a manticore
 15772 | D:11     | You fall into a shaft and drop 3 floors!
 15894 | D:13     | Found Rurypu's Book Shoppe.
 15905 | D:13     | Bought a book of Flames for 560 gold pieces
 15911 | D:13     | Learned a level 5 spell: Fireball
 16238 | D:13     | Found a runed translucent door.
 16243 | D:13     | Noticed Chiseanne's ghost (journeyman DsWn)
 16745 | D:13     | Killed a vault guard
 16756 | D:13     | Noticed a tengu warrior
 17181 | D:12     | Noticed Snorg
 17204 | D:11     | Reached XP level 12. HP: 89/93 MP: 21/25
 17823 | D:11     | Found a staircase to the Lair.
 18045 | D:11     | Reached skill level 10 in Spellcasting
 18422 | Lair:1   | Entered Level 1 of the Lair of Beasts
 19395 | Lair:2   | Reached ***** piety under Vehumet
 19486 | Lair:2   | Offered knowledge of Airstrike by Vehumet.
 19890 | Lair:2   | You fall into a shaft and drop 2 floors!
 21533 | Lair:3   | Reached XP level 13. HP: 97/101 MP: 23/27
 23186 | Lair:4   | Found a staircase to the Snake Pit.
 23939 | Lair:4   | Found a staircase to the Shoals.
 24775 | Lair:5   | Noticed Nessos
 24778 | Lair:5   | Killed Nessos
 24849 | Lair:5   | Reached skill level 11 in Spellcasting
 26028 | Lair:6   | Entered Level 6 of the Lair of Beasts
 26108 | Lair:6   | Reached XP level 14. HP: 83/109 MP: 25/29
 26396 | Lair:6   | Got a fine scale mail
 26397 | Lair:6   | Identified the cursed +1 scale mail of the Learner {-Cast
                  | +Inv Int+6} (You found it on level 6 of the Lair of Beasts)
 26434 | Lair:6   | Offered knowledge of Hailstorm by Vehumet.
 27088 | Lair:6   | Reached skill level 10 in Fighting
 28918 | Lair:6   | Reached skill level 10 in Invocations
 30126 | Lair:6   | Found a staircase to the Slime Pits.
 30136 | Lair:6   | Found a viscous altar of Jiyva.
 30546 | Orc:1    | Offered knowledge of Conjure Ball Lightning by Vehumet.
 31037 | Orc:1    | Paralysed by an orc sorcerer for 7 turns
 31274 | Orc:1    | Found a roughly hewn altar of Beogh.
 31460 | Orc:2    | Entered Level 2 of the Orcish Mines
 31576 | Orc:2    | Found a staircase to the Elven Halls.
 31687 | Orc:2    | Found a roughly hewn altar of Beogh.
 31740 | Orc:2    | Found a roughly hewn altar of Beogh.
 32110 | Orc:2    | Offered knowledge of Bolt of Magma by Vehumet.
 32219 | Orc:2    | Noticed an orc warlord
 32244 | Orc:2    | Killed an orc warlord
 32244 | Orc:2    | Reached XP level 15. HP: 117/117 MP: 1/30
 32466 | Orc:2    | Found a roughly hewn altar of Beogh.
 32477 | Orc:1    | Paralysed by an orc sorcerer for 2 turns
 32739 | Orc:2    | Reached skill level 10 in Bows
 32739 | Orc:2    | Reached skill level 10 in Throwing
 32739 | Orc:2    | Reached skill level 10 in Evocations
 32785 | Orc:2    | Found Ovare's Antique Weapon Shoppe.
 32786 | Orc:2    | Found a roughly hewn altar of Beogh.
 32791 | Orc:2    | Found Xiydueh's Antique Armour Emporium.
 32859 | Orc:2    | Found a roughly hewn altar of Beogh.
 32865 | Orc:2    | Found Loidwom's Weapon Emporium.
 33126 | Orc:2    | Found a roughly hewn altar of Beogh.
 33220 | Orc:2    | Found a roughly hewn altar of Beogh.
 33227 | Orc:2    | Found Bocuhutu's Distillery.
 33240 | Orc:2    | Bought a potion of haste for 140 gold pieces
 33240 | Orc:2    | Bought a potion of heal wounds for 70 gold pieces
 33240 | Orc:2    | Bought a potion of heal wounds for 70 gold pieces
 33240 | Orc:2    | Bought a potion of heal wounds for 70 gold pieces
 33240 | Orc:2    | Bought a potion of curing for 42 gold pieces
 33297 | Orc:2    | Bought an iridescent short sword for 240 gold pieces
 33303 | Orc:2    | Bought a smoking robe for 119 gold pieces
 33303 | Orc:2    | Identified the +1 robe "Saiciled" {Str+2} (You bought it in
                  | a shop on level 2 of the Orcish Mines)
 33304 | Orc:2    | Identified the cursed +0 short sword of Cocytus {antimagic,
                  | rF- rC++ Dex+4} (You bought it in a shop on level 2 of the
                  | Orcish Mines)
 33312 | Orc:2    | Bought a dazzling lajatang for 600 gold pieces
 33312 | Orc:2    | Identified the +8 lajatang of Pyromania {freeze, +Inv rF+
                  | rN+} (You bought it in a shop on level 2 of the Orcish
                  | Mines)
 33689 | Snake:1  | Entered Level 1 of the Snake Pit
 34729 | Snake:1  | Learned a level 5 spell: Bolt of Magma
 34994 | Snake:2  | Noticed a nagaraja
 35004 | Snake:2  | Killed a nagaraja
 35123 | Snake:2  | Found Xaczutz's Magic Scroll Boutique.
 35126 | Snake:2  | Found Piesoem's Antique Armour Shop.
 35126 | Snake:2  | Found Exzoij's Book Boutique.
 35129 | Snake:2  | Found Umiedom's Assorted Antiques.
 35129 | Snake:2  | Noticed a nagaraja
 35139 | Snake:2  | Killed a nagaraja
 35485 | Snake:2  | Offered knowledge of Freezing Cloud by Vehumet.
 35554 | Snake:2  | Learned a level 6 spell: Freezing Cloud
 35998 | Snake:2  | Reached skill level 12 in Spellcasting
 36277 | Snake:2  | Reached skill level 10 in Short Blades
 36277 | Snake:2  | Reached skill level 10 in Long Blades
 36277 | Snake:2  | Reached skill level 10 in Axes
 36277 | Snake:2  | Reached skill level 10 in Maces & Flails
 36277 | Snake:2  | Reached skill level 10 in Polearms
 36277 | Snake:2  | Reached skill level 10 in Staves
 36277 | Snake:2  | Reached skill level 10 in Slings
 36277 | Snake:2  | Reached skill level 10 in Crossbows
 36277 | Snake:2  | Reached skill level 10 in Armour
 36277 | Snake:2  | Reached skill level 10 in Dodging
 36277 | Snake:2  | Reached skill level 10 in Stealth
 36277 | Snake:2  | Reached skill level 10 in Shields
 36277 | Snake:2  | Reached skill level 10 in Unarmed Combat
 39469 | Snake:3  | Reached XP level 16. HP: 86/125 MP: 21/32
 39896 | Snake:3  | Noticed a nagaraja
 40173 | Snake:4  | Entered Level 4 of the Snake Pit
 40173 | Snake:4  | Noticed a nagaraja
 40173 | Snake:4  | Noticed a nagaraja
 40181 | Snake:4  | Slain by a nagaraja

Illustrated notes

Levels and vault maps discovered:
D:1:      scummos_arrival_checkerplants, layout_loops_ring,
          kennysheep_another_room, hangedman_decor_lopped
D:2:      layout_rooms, grunt_gozag_breadcrumbs,
          chequers_ecumenical_altar_twisty, uniq_jessica, uniq_natasha
D:3:      kennysheep_goblin_castle, layout_basic, first_ration,
          serial_co_window_serial, co_window_paths_a, co_window_paths_a,
          co_window_of_opportunity_a, co_window_cross_1, co_window_paths_a,
          co_window_paths_b, co_window_paths_b, co_window_cross_4,
          co_window_paths_c, co_window_of_opportunity_b, co_window_corner_ca,
          co_window_paths_d, co_window_4corner_a, glass_columns_a,
          glass_columns_b, kennysheep_generic_room_7
D:4:      layout_basic, lemuel_doored_altar, minmay_temple_entry_tees,
          serial_corexii_hall, chequers_hall_statues_wall_a,
          chequers_hall_statues_wall_a, minmay_door_square, minmay_box_of_dots
D:5:      layout_rooms, kennysheep_little_box, gammafunk_ghost_grave, uniq_ijyb
D:6:      layout_loops_ring, nicolae_tso_besieged_by_evil, basic_altar
D:7:      layout_gridville, the_bakery, minmay_stone_trees_small,
          yredelemnul_altar_generic, uniq_maggie
D:8:      layout_basic, basic_altar, serial_shops, shop, uniq_psyche
D:9:      layout_basic, uniq_grum, uniq_maurice, uniq_pikel
D:10:     layout_rooms, orc_0_dummy, uniq_erolcha
D:11:     layout_cave_pods, erik_lair_island
D:12:     layout_basic, serial_shops, shop_fountains, bh_circular_ruins,
          uniq_snorg
D:13:     layout_basic, ximxim_vaults_locker_room,
          ebering_ghost_reflecting_pool, serial_shops, nicolae_shop_crystal,
          uniq_josephine
D:14:     layout_roguey, nrook_mini_backslash, nooodl_orcs_dogs, uniq_azrael
Temple:   dpeg_five_rooms_temple
Lair:1:   layout_regular_city
Lair:2:   beast_lair_carwin_large_1, layout_layer_cave
Lair:3:   layout_gridlike, gauntlet_entry_generic
Lair:4:   layout_loops_ring, elwin_shoals_entry_rooms,
          guppyfry_snake_entry_island, grunt_megastairs_4,
          infiniplex_staircase_pool, lemuel_fruit_tree
Lair:5:   layout_layer_cave, uniq_nessos
Lair:6:   hangedman_lair_in_review, layout_regular_city,
          hangedman_lair_caniforms_friends, slime_altar_1, grunt_megastairs_5
Snake:1:  layout_concentric_octagons
Snake:2:  layout_gridlike, minmay_shoptagon
Snake:3:  layout_chambers
Snake:4:  snake_hunt, layout_rooms, st_stairs_13
Orc:1:    layout_caves, enter_bailey_3, basic_altar, minmay_orc_keep
Orc:2:    grunt_orc_community_town_hall, layout_caves,
          grunt_orc_community_big_house_1, grunt_orc_community_big_house_1,
          grunt_orc_community_house_2, grunt_orc_community_house_1,
          grunt_orc_community_house_2, grunt_orc_community_house_1,
          nicolae_orc_lava_tube

Skill      XL: |  1  2  3  4  5  6  7  8  9 10 11 12 13 14 15 |
---------------+----------------------------------------------+-----
Invocations    | 1 2 3 4 5 6 7 8 9 10 11 | 11.1
Short Blades   | 1 2 3 4 5 6 7 8 9 10 | 10.3
Long Blades    | 1 2 3 4 5 6 7 8 9 10 | 10.3
Axes           | 1 2 3 4 5 6 7 8 9 10 | 10.3
Maces & Flails | 1 2 3 4 5 6 7 8 9 10 | 10.3
Polearms       | 1 2 3 4 5 6 7 8 9 10 | 10.3
Staves         | 1 2 3 4 5 6 7 8 9 10 | 10.3
Slings         | 1 2 3 4 5 6 7 8 9 10 | 10.3
Crossbows      | 1 2 3 4 5 6 7 8 9 10 | 10.3
Armour         | 1 2 3 4 5 6 7 8 9 10 | 10.3
Dodging        | 1 2 3 4 5 6 7 8 9 10 | 10.3
Stealth        | 1 2 3 4 5 6 7 8 9 10 | 10.3
Shields        | 1 2 3 4 5 6 7 8 9 10 | 10.3
Unarmed Combat | 1 2 3 4 5 6 7 8 9 10 | 10.3
Conjurations   | 1 2 3 4 5 6 7 8 |  8.7
Hexes          | 1 2 3 4 5 6 7 8 |  8.7
Charms         | 1 2 3 4 5 6 7 8 |  8.7
Necromancy     | 1 2 3 4 5 6 7 8 |  8.7
Translocations | 1 2 3 4 5 6 7 8 |  8.7
Transmutations | 1 2 3 4 5 6 7 8 |  8.7
Fire Magic     | 1 2 3 4 5 6 7 8 |  8.7
Ice Magic      | 1 2 3 4 5 6 7 8 |  8.7
Air Magic      | 1 2 3 4 5 6 7 8 |  8.7
Earth Magic    | 1 2 3 4 5 6 7 8 |  8.7
Poison Magic   | 1 2 3 4 5 6 7 8 |  8.7
Bows           | 3 4 5 6 7 8 9 10 | 10.6
Throwing       | 3 4 5 6 7 8 9 10 | 10.6
Summonings     | 4 5 6 7 8 9 |  9.5
Evocations     | 3 4 5 6 7 8 9 10 | 10.6
Fighting       | 5 6 7 8 9 10 11 | 11.2
Spellcasting   | 8 9 10 11 12 | 12.2

Action                   |  1- 3 |  4- 6 |  7- 9 | 10-12 | 13-15 | 16-18 || total
-------------------------+-------+-------+-------+-------+-------+-------++-------
Melee: Dagger            |    76 |   258 |   472 |   742 |   843 |       ||  2391
       Bite              |     8 |    31 |    66 |    95 |   176 |       ||   376
       Punch             |       |     2 |     6 |     1 |       |       ||     9
       Scimitar          |       |       |       |       |   186 |       ||   186
       Lajatang          |       |       |       |       |   252 |       ||   252
 Cast: Magic Dart        |    20 |    48 |    11 |       |       |       ||    79
       Mephitic Cloud    |       |    11 |    17 |    69 |   122 |       ||   219
       Call Imp          |       |       |    18 |     7 |     2 |       ||    27
       Foxfire           |       |       |    24 |     1 |       |       ||    25
       Searing Ray       |       |       |     1 |    26 |    35 |       ||    62
       Blink             |       |       |       |     3 |     6 |     1 ||    10
       Fireball          |       |       |       |    15 |    70 |     6 ||    91
       Bolt of Magma     |       |       |       |       |    29 |       ||    29
       Freezing Cloud    |       |       |       |       |     7 |       ||     7
Invok: Renounce Religion |       |     1 |       |       |       |       ||     1
Evoke: Wand              |       |       |    13 |       |       |       ||    13
  Use: Potion            |     1 |       |       |       |     5 |       ||     6
       Scroll            |       |     1 |    13 |    19 |    14 |     2 ||    49
 Stab: Sleeping          |     1 |     9 |     6 |    20 |    24 |       ||    60
       Confused          |       |     2 |     7 |    50 |    85 |       ||   144
       Distracted        |       |     1 |     2 |       |     3 |       ||     6
  Eat: Chunk             |     2 |     9 |    15 |    18 |    46 |       ||    90
       Ration            |       |     1 |     1 |     6 |     8 |     1 ||    17
Armor: Robe              |    27 |    61 |    10 |    99 |   207 |     3 ||   407
       Leather armour    |       |       |    82 |       |       |       ||    82
       Steam dragon scal |       |       |       |    57 |       |       ||    57
Dodge: Dodged            |    37 |   181 |   259 |   351 |   864 |    18 ||  1710
Block: Buckler           |       |       |       |   110 |   228 |       ||   338
       Rpst.: Scimitar   |       |       |       |       |    30 |       ||    30
